[Event "December 5 Late 2023"]
[Site "https://www.chess.com"]
[Date "2023.12.05"]
[Round "2"]
[White "Golubenko, Valentina"]
[Black "NovakRatko"]
[Result "1-0"]
[Board "153"]
[TimeControl "180+1"]
[WhiteFideId "4501993"]
[WhiteElo "2222"]
[BlackElo "2479"]
[WhiteTeam "CRO"]
[WhiteClock "0:00:44"]
[BlackClock "0:01:02"]

1. e4 d5 2. e5 c5 3. d4 cxd4 4. Nf3 Nc6 5. Bb5 Bg4 6. O-O e6 7. Nbd2 a6 8. Bxc6+ bxc6 9. h3 Bh5 10. g4 Bg6 11. Nxd4 c5 12. Ne2 Qh4 13. Nf4 Be4 14. Nxe4 dxe4 15. Qe2 g5 16. Qxe4 Rc8 17. Nh5 Qxh3 18. Bxg5 h6 19. Bf6 Nxf6 20. Nxf6+ Kd8 21. Rad1+ Kc7 22. Rd7+ Kb6 23. Qb7+ Ka5 24. Qxc8 Be7 25. Qc7+ Ka4 26. Rxe7 h5 27. Qc6+ Kb4 28. Rb7+ Kc4 29. Qe4# 1-0

[Event "December 5 Late 2023"]
[Site "https://www.chess.com"]
[Date "2023.12.05"]
[Round "2"]
[White "Floresvillar Gonzalez, Luis Migu"]
[Black "Keleberda, Tymur"]
[Result "0-1"]
[Board "154"]
[TimeControl "180+1"]
[WhiteFideId "5100542"]
[BlackFideId "14174294"]
[WhiteElo "2218"]
[BlackElo "2478"]
[WhiteTeam "MEX"]
[BlackTeam "CAN"]
[WhiteClock "0:01:26"]
[BlackClock "0:01:19"]

1. e4 c5 2. d4 cxd4 3. c3 dxc3 4. Nxc3 e6 5. Bc4 a6 6. Nf3 Nc6 7. Qe2 Nge7 8. Bg5 h6 9. Be3 Ng6 10. O-O b5 11. Bb3 Bb7 12. Rfd1 Bb4 13. Rac1 Qe7 14. Nd5 exd5 15. exd5 Nce5 16. d6 Nxf3+ 17. gxf3 Nf4 18. Qf1 Qg5+ 19. Kh1 Bxf3+ 0-1

[Event "December 5 Late 2023"]
[Site "https://www.chess.com"]
[Date "2023.12.05"]
[Round "2"]
[White "Coca, Cristi-Iulian"]
[Black "Einarsson, Halldor Gretar"]
[Result "1-0"]
[Board "155"]
[TimeControl "180+1"]
[WhiteFideId "1237004"]
[BlackFideId "2300150"]
[WhiteElo "2473"]
[BlackElo "2218"]
[WhiteTeam "ROU"]
[BlackTeam "ISL"]
[WhiteClock "0:00:46"]
[BlackClock "0:00:00"]

1. e4 c5 2. c3 Nf6 3. e5 Nd5 4. Nf3 Nc6 5. Bc4 Nb6 6. Bb3 d5 7. exd6 Qxd6 8. O-O c4 9. Bc2 Bg4 10. h3 Bh5 11. Re1 e6 12. b3 Be7 13. Na3 Qc5 14. bxc4 Nxc4 15. d4 Qa5 16. Nxc4 Qxc3 17. Nb2 Bxf3 18. gxf3 Nxd4 19. Be4 Rd8 20. Re3 Qc5 21. Rd3 O-O 22. Be3 Bf6 23. Rc1 Qb4 24. Bxd4 Bxd4 25. Rc4 Qxb2 26. Rcxd4 Rxd4 27. Rxd4 Qxa2 28. Bxb7 Qb2 29. Be4 a5 30. Qa4 g6 31. Kg2 Qc3 32. Rd3 Qc5 33. Ra3 Qg5+ 34. Kh1 Rc8 35. Ra1 Rc3 36. Rg1 Qe5 37. Rg3 Qc5 38. h4 Qxf2 39. Rg1 Qxh4+ 40. Kg2 Qg5+ 41. Kf2 Qd2+ 42. Kg3 1-0

[Event "December 5 Late 2023"]
[Site "https://www.chess.com"]
[Date "2023.12.05"]
[Round "2"]
[White "Bullen, Alex"]
[Black "Ladan, Nicholas"]
[Result "0-1"]
[Board "156"]
[TimeControl "180+1"]
[WhiteFideId "1801627"]
[BlackFideId "30918855"]
[WhiteElo "2212"]
[BlackElo "2473"]
[WhiteTeam "WLS"]
[BlackTeam "USA"]
[WhiteClock "0:00:16"]
[BlackClock "0:00:15"]

1. e4 e5 2. Nf3 Nc6 3. d4 exd4 4. Bc4 Nf6 5. O-O Nxe4 6. Re1 d5 7. Bxd5 Qxd5 8. Nc3 Qd7 9. Nxe4 Be7 10. Bg5 O-O 11. Bxe7 Qxe7 12. Nxd4 Nxd4 13. Qxd4 Rd8 14. Qa4 Bd7 15. Qb3 Bc6 16. Ng3 Qc5 17. Re2 a5 18. Rae1 a4 19. Qe3 Qxe3 20. Rxe3 Rd2 21. R3e2 Rxe2 22. Rxe2 a3 23. b3 Rd8 24. f3 Rd1+ 25. Kf2 Ra1 26. c4 g6 27. Ne4 Rh1 28. h3 Bxe4 29. Rxe4 Rb1 30. Re2 Rb2 31. Ke3 h5 32. Kd3 Rb1 33. Kc3 Kg7 34. Rd2 h4 35. Kb4 Rb2 36. Kc3 Kf6 37. Rxb2 axb2 38. Kxb2 Ke5 39. Kc3 Kf4 40. b4 Kg3 41. a4 Kxg2 42. a5 Kxh3 43. b5 Kg3 44. a6 bxa6 45. bxa6 h3 46. a7 h2 47. a8=Q h1=Q 48. Qd8 Qxf3+ 49. Kb4 Qb7+ 50. Kc3 Qf3+ 51. Kb4 Qf4 52. Qd3+ Kh4 53. Qd7 g5 54. Qd8 Qd6+ 55. Qxd6 cxd6 56. Kb5 g4 57. Kc6 g3 58. Kxd6 g2 59. c5 g1=Q 60. c6 Qd4+ 61. Kc7 f5 62. Kb7 f4 63. c7 Qd7 64. Kb8 Qxc7+ 65. Kxc7 f3 66. Kb7 f2 67. Kb8 f1=Q 68. Ka8 Qf7 69. Kb8 Kg5 70. Ka8 Kf6 71. Kb8 Ke6 72. Ka8 Kd6 73. Kb8 Kc6 74. Ka8 Qb7# 0-1

[Event "December 5 Late 2023"]
[Site "https://www.chess.com"]
[Date "2023.12.05"]
[Round "2"]
[White "Vila Dupla, Aurelio"]
[Black "Mizzi, Jack"]
[Result "0-1"]
[Board "157"]
[TimeControl "180+1"]
[WhiteFideId "2203383"]
[BlackFideId "5602521"]
[WhiteElo "2211"]
[BlackElo "2465"]
[WhiteTeam "ESP"]
[BlackTeam "MLT"]
[WhiteClock "0:00:03"]
[BlackClock "0:00:50"]

1. Nf3 d5 2. d4 Nf6 3. c4 e6 4. cxd5 exd5 5. Nc3 Be7 6. Bg5 O-O 7. e3 h6 8. Bh4 c6 9. Bd3 Ne4 10. Bxe7 Qxe7 11. Bxe4 dxe4 12. Nd2 f5 13. O-O Be6 14. Ne2 Nd7 15. Nf4 Bf7 16. Nb3 g5 17. Ne2 Bh5 18. Qd2 Qd6 19. Ng3 Bg6 20. Rfe1 Rae8 21. Nf1 f4 22. Rac1 f3 23. Nc5 fxg2 24. Ng3 Nxc5 25. Rxc5 b6 26. Rc2 h5 27. Kxg2 h4 28. Nf1 Qe6 29. Qe2 Rf3 30. Kh1 Qh3 31. Nd2 Bh5 32. Rg1 Bg4 33. Qf1 Qxf1 34. Nxf1 Bh3 35. Rxg5+ Kf7 36. Kg1 Kf6 37. Rg2 Bxg2 38. Rxc6+ Ke7 39. Kxg2 Rg8+ 40. Kh1 Rxf2 41. Rc1 Rxb2 0-1

[Event "December 5 Late 2023"]
[Site "https://www.chess.com"]
[Date "2023.12.05"]
[Round "2"]
[White "Sroczynski, Maciej"]
[Black "Narva, Triin"]
[Result "1-0"]
[Board "158"]
[TimeControl "180+1"]
[WhiteFideId "1121472"]
[BlackFideId "4502680"]
[WhiteElo "2465"]
[BlackElo "2205"]
[WhiteTeam "POL"]
[BlackTeam "EST"]
[WhiteClock "0:00:18"]
[BlackClock "0:00:00"]

1. d4 g6 2. Nc3 Bg7 3. e4 c6 4. h4 h5 5. d5 cxd5 6. exd5 d6 7. Nf3 Nf6 8. Bg5 Qb6 9. Qd2 Bf5 10. O-O-O Ne4 11. Qe3 Qb4 12. Nd4 Nxg5 13. Nxf5 Be5 14. Bb5+ Nd7 15. Nd4 Nh7 16. f4 Bg7 17. Rhe1 O-O-O 18. a3 Qc5 19. Rd3 a6 20. Ba4 Nb6 21. Bb3 Rd7 22. Ne4 Qa5 23. f5 Kb8 24. fxg6 fxg6 25. Ne6 Be5 26. Nd2 Nf6 27. Nf3 Bg3 28. Red1 Bxh4 29. Nxh4 Ng4 30. Qd4 Ne5 31. Rc3 Rc8 32. Rxc8+ Kxc8 33. Nf3 Kb8 34. Nxe5 dxe5 35. Qxe5+ Ka7 36. Qe3 Rd6 37. Kb1 Kb8 38. Nf4 Rd7 39. Nxg6 Nxd5 40. Qe5+ 1-0

[Event "December 5 Late 2023"]
[Site "https://www.chess.com"]
[Date "2023.12.05"]
[Round "2"]
[White "Fernandez Hernandez, Gerardo"]
[Black "Koutlas, Nikolaos"]
[Result "1/2-1/2"]
[Board "159"]
[TimeControl "180+1"]
[WhiteFideId "2207400"]
[BlackFideId "25827138"]
[WhiteElo "2202"]
[BlackElo "2463"]
[WhiteTeam "ESP"]
[BlackTeam "GRE"]
[WhiteClock "0:00:20"]
[BlackClock "0:00:02"]

1. e4 e6 2. d3 d5 3. Nd2 Nd7 4. Ngf3 Nc5 5. Be2 dxe4 6. dxe4 Nf6 7. e5 Nd5 8. Nb3 Bd7 9. c4 Nb4 10. a3 Nbd3+ 11. Bxd3 Ba4 12. Bc2 Qxd1+ 13. Bxd1 Bxb3 14. Bxb3 Nxb3 15. Rb1 Bc5 16. O-O h6 17. Nd2 Nxc1 18. Rfxc1 Ke7 19. b4 Bd4 20. Nf3 Rhd8 21. Rd1 Bc3 22. Kf1 Rxd1+ 23. Rxd1 Rd8 24. Ke2 a6 25. Rxd8 Kxd8 26. Kd3 Bb2 27. a4 b6 28. Ke4 c6 29. Ne1 Bc3 30. Nd3 g5 31. b5 axb5 32. axb5 cxb5 33. cxb5 Ke7 34. g4 Ba1 35. Nb4 Bc3 36. Nc6+ Kd7 37. Nb8+ Kc7 38. Nc6 Kd7 39. f3 f6 40. exf6 Bxf6 41. f4 gxf4 42. Kxf4 Kd6 43. Ke4 Kc5 44. Na7 Kc4 45. h3 Kc5 46. h4 Bxh4 47. Ke5 Bg3+ 48. Kxe6 Bb8 49. Nc8 Kxb5 50. Kf5 Kc6 51. Nxb6 Kxb6 52. g5 hxg5 53. Kxg5 1/2-1/2

[Event "December 5 Late 2023"]
[Site "https://www.chess.com"]
[Date "2023.12.05"]
[Round "2"]
[White "Mendoza, Rodrigo"]
[Black "Curtis, John"]
[Result "0-1"]
[Board "160"]
[TimeControl "180+1"]
[WhiteFideId "3301931"]
[BlackFideId "3200256"]
[WhiteElo "2460"]
[BlackElo "2200"]
[WhiteTeam "BOL"]
[BlackTeam "AUS"]
[WhiteClock "0:00:02"]
[BlackClock "0:00:11"]

1. d4 Nf6 2. c4 e6 3. Nf3 d5 4. Nc3 c5 5. cxd5 cxd4 6. Qxd4 exd5 7. Bg5 Nc6 8. Qa4 Be7 9. e3 O-O 10. Rd1 Be6 11. Be2 Qb6 12. Qb5 Bb4 13. Bxf6 gxf6 14. O-O Bxc3 15. bxc3 Qxb5 16. Bxb5 Ne5 17. Nd4 Rfc8 18. Rc1 a6 19. Be2 b5 20. Rfd1 Rc5 21. Nb3 Rc7 22. f4 Nc4 23. Kf2 f5 24. Bf3 Rd8 25. Rd4 Nb2 26. h3 Na4 27. Rcd1 Nxc3 28. R1d2 Rdc8 29. g4 fxg4 30. hxg4 f6 31. f5 Bf7 32. Na5 Re7 33. Nb3 Rce8 34. Rf4 Rxe3 35. Nd4 R3e7 36. Nc6 Rc7 37. Nb4 Ne4+ 38. Bxe4 Rxe4 39. Rxe4 dxe4 40. Ke3 Rc3+ 41. Kxe4 Rc4+ 42. Rd4 Rxd4+ 43. Kxd4 a5 44. Nc6 a4 45. a3 Kg7 46. Kc3 Kh6 47. Nd8 Be8 48. Nb7 Kg5 49. Nd6 Bc6 50. Kb4 Kxg4 51. Kc5 Bd7 52. Ne4 Kxf5 53. Ng3+ Kg4 54. Ne2 f5 0-1

[Event "December 5 Late 2023"]
[Site "https://www.chess.com"]
[Date "2023.12.05"]
[Round "2"]
[White "Wieczorek, Zbigniew"]
[Black "Liu, Casper"]
[Result "1-0"]
[Board "161"]
[TimeControl "180+1"]
[WhiteFideId "1102001"]
[BlackFideId "1454153"]
[WhiteElo "2195"]
[BlackElo "2459"]
[WhiteTeam "POL"]
[BlackTeam "DEN"]
[WhiteClock "0:00:39"]
[BlackClock "0:00:58"]

1. Nf3 Nf6 2. g3 d6 3. Bg2 Bd7 4. c4 Nc6 5. d4 g6 6. Nc3 Bg7 7. Rb1 a5 8. O-O Qc8 9. b3 h5 10. d5 Ne5 11. Nxe5 dxe5 12. h4 Bh3 13. Ba3 O-O 14. Bxe7 Re8 15. Bxf6 Bxf6 16. Ne4 Bd8 17. d6 Ra6 18. c5 Be6 19. Qd2 f5 20. Ng5 e4 21. Rfd1 cxd6 22. cxd6 Bf6 23. d7 Bxd7 24. Qxd7 Qxd7 25. Rxd7 Rc6 26. Rxb7 Rc2 27. a4 Rxe2 28. Bf1 Rd2 29. Bc4+ 1-0

[Event "December 5 Late 2023"]
[Site "https://www.chess.com"]
[Date "2023.12.05"]
[Round "2"]
[White "Quirke, Jeffrey"]
[Black "Rios Escobar, Adan"]
[Result "0-1"]
[Board "163"]
[TimeControl "180+1"]
[WhiteFideId "2013029"]
[BlackFideId "3403645"]
[WhiteElo "2182"]
[BlackElo "2452"]
[WhiteTeam "USA"]
[BlackTeam "CHI"]
[WhiteClock "0:00:06"]
[BlackClock "0:00:45"]

1. e4 c6 2. d4 d5 3. e5 Bf5 4. h4 h5 5. Bd3 Bxd3 6. Qxd3 Qa5+ 7. Nd2 e6 8. Ne2 Ne7 9. Ng3 g6 10. c3 Qa6 11. Qxa6 Nxa6 12. Nf3 c5 13. Bg5 Nc6 14. a3 Be7 15. Bxe7 Kxe7 16. Kd2 Rhc8 17. Ne2 Na5 18. Rag1 b5 19. g4 hxg4 20. Rxg4 b4 21. h5 gxh5 22. Rxh5 bxa3 23. bxa3 Nc4+ 24. Ke1 Nxa3 25. Rh7 Rh8 26. Rgg7 Rxh7 27. Rxh7 Rg8 28. Ng3 Nb1 29. dxc5 Nxc5 30. Nd4 Nd3+ 31. Kf1 Nxe5 32. f4 Rxg3 33. fxe5 Rxc3 0-1

[Event "December 5 Late 2023"]
[Site "https://www.chess.com"]
[Date "2023.12.05"]
[Round "2"]
[White "Djabri, Massinas"]
[Black "Martine, Jean-Christophe"]
[Result "1-0"]
[Board "164"]
[TimeControl "180+1"]
[WhiteFideId "7905726"]
[BlackFideId "603651"]
[WhiteElo "2450"]
[BlackElo "2182"]
[WhiteTeam "ALG"]
[BlackTeam "FRA"]
[WhiteClock "0:00:33"]
[BlackClock "0:00:48"]

1. d4 e5 2. dxe5 d6 3. exd6 Bxd6 4. e4 Qe7 5. Nc3 Nf6 6. Bb5+ c6 7. Bd3 Nbd7 8. Nf3 Nc5 9. O-O Bg4 10. h3 Nxd3 11. Qxd3 O-O-O 12. Qe3 Bxf3 13. Qxf3 Kb8 14. Bf4 Be5 15. Bxe5+ Qxe5 16. Rad1 g5 17. Rxd8+ Rxd8 18. Qg3 Re8 19. f4 Qd4+ 20. Kh2 g4 21. e5 Ne4 22. Nxe4 Qxe4 23. Qxg4 Qxc2 24. Rd1 a6 25. Rd7 Qxb2 26. Rxf7 Rd8 27. Rxh7 c5 28. e6 Qf6 29. Qf3 Qb2 30. Rd7 Re8 31. e7 Qb6 32. Qd5 Ka7 33. f5 Qf6 34. Qxb7# 1-0

[Event "December 5 Late 2023"]
[Site "https://www.chess.com"]
[Date "2023.12.05"]
[Round "2"]
[White "Gumugama"]
[Black "Argandona Riveiro, Inigo"]
[Result "1/2-1/2"]
[Board "165"]
[TimeControl "180+1"]
[BlackFideId "2212072"]
[WhiteElo "2174"]
[BlackElo "2448"]
[BlackTeam "ESP"]
[WhiteClock "0:00:16"]
[BlackClock "0:00:59"]

1. e4 d6 2. d4 Nf6 3. Nc3 e5 4. Nf3 Nbd7 5. Bc4 Be7 6. dxe5 Nxe5 7. Nxe5 dxe5 8. Qxd8+ Bxd8 9. f3 c6 10. Bg5 Bb6 11. Ke2 Nd7 12. Be3 Nc5 13. Rhd1 Ne6 14. Bxe6 Bxe6 15. Bxb6 axb6 16. a3 b5 17. Na2 Ke7 18. Nb4 Rhd8 19. Rxd8 Rxd8 20. Rd1 Rxd1 21. Kxd1 Kd6 22. Kd2 c5 23. Nd3 f6 24. b4 b6 25. c3 Bc4 26. Ke3 g6 27. g3 f5 28. Nf2 Bf1 29. Nd3 h6 30. Nf2 Ke6 31. Nd3 f4+ 32. gxf4 Bxd3 33. Kxd3 exf4 34. Ke2 Ke5 35. Kf2 g5 36. h3 h5 37. Kg2 Ke6 38. Kf2 Kf6 39. Kg2 Ke5 40. Kf2 g4 41. hxg4 hxg4 42. fxg4 Kxe4 43. Ke2 f3+ 44. Kf2 Kf4 45. g5 Kxg5 46. Kxf3 Kf5 47. bxc5 bxc5 48. Ke3 Ke5 49. Kd3 Kd5 50. c4+ Kc6 51. cxb5+ Kxb5 52. Kc3 Ka4 53. Kc4 Kxa3 54. Kxc5 1/2-1/2

[Event "December 5 Late 2023"]
[Site "https://www.chess.com"]
[Date "2023.12.05"]
[Round "2"]
[White "Kraiouchkine, Nikita"]
[Black "Petersson, Kjell"]
[Result "1-0"]
[Board "166"]
[TimeControl "180+1"]
[WhiteFideId "2607140"]
[BlackFideId "1705148"]
[WhiteElo "2448"]
[BlackElo "2170"]
[WhiteTeam "CAN"]
[BlackTeam "SWE"]
[WhiteClock "0:00:08"]
[BlackClock "0:00:00"]

1. e4 c5 2. Nf3 d6 3. d4 cxd4 4. Nxd4 Nf6 5. Nc3 g6 6. Be3 Bg7 7. f3 O-O 8. Qd2 Nc6 9. O-O-O d5 10. Kb1 e6 11. g4 Nxd4 12. Bxd4 dxe4 13. g5 Nh5 14. Nxe4 Qxd4 15. Qxd4 Bxd4 16. Rxd4 b6 17. Nd6 e5 18. Rd5 Rd8 19. Bc4 Be6 20. Rd2 Rxd6 21. Rxd6 Bxc4 22. Rd7 Be6 23. Rc7 Nf4 24. Re1 Nd5 25. Rc6 Nb4 26. Rd6 Bf5 27. Rxe5 Bxc2+ 28. Ka1 Bf5 29. a3 Nc2+ 30. Ka2 Rc8 31. b4 Be6+ 32. Kb2 Kg7 33. Re2 Bf5 34. Rd5 a5 35. Rxf5 gxf5 36. Rxc2 Rxc2+ 37. Kxc2 f4 38. bxa5 bxa5 39. Kb3 Kg6 40. Ka4 Kxg5 41. Kxa5 Kf5 42. Kb6 Ke5 43. a4 Kd4 44. a5 Ke3 45. a6 Kxf3 46. a7 Kf2 47. a8=Q f3 48. Qe4 Kg2 49. Qg4+ Kf2 50. Kc5 f5 51. Qxf5 Ke2 52. Qe4+ Kf2 53. Kd4 Kg2 54. Qg4+ 1-0

[Event "December 5 Late 2023"]
[Site "https://www.chess.com"]
[Date "2023.12.05"]
[Round "2"]
[White "DCacheiro"]
[Black "Vanek, Tomas"]
[Result "1-0"]
[Board "167"]
[TimeControl "180+1"]
[BlackFideId "313459"]
[WhiteElo "2447"]
[BlackElo "2164"]
[BlackTeam "CZE"]
[WhiteClock "0:00:14"]
[BlackClock "0:00:16"]

1. e4 c5 2. Nf3 Nc6 3. d4 cxd4 4. Nxd4 Nf6 5. Nc3 e5 6. Ndb5 d6 7. Nd5 Nxd5 8. exd5 Nb8 9. a4 a6 10. Na3 Be7 11. Nc4 Bf5 12. a5 Nd7 13. Be3 O-O 14. Bd3 e4 15. Be2 Rc8 16. O-O Kh8 17. c3 Rg8 18. Bd4 Rxc4 19. Bxc4 Bf6 20. f4 g5 21. Qh5 Bxd4+ 22. cxd4 Qf6 23. Rad1 e3 24. Qe2 gxf4 25. Rxf4 Qg5 26. g3 Bg4 27. Rxg4 Qxg4 28. Qxg4 Rxg4 29. Kf1 Re4 30. Ke2 Nf6 31. Rd3 Kg7 32. b3 Ng4 33. h3 Nh6 34. Rxe3 Rxd4 35. Re7 Nf5 36. Rxb7 Nxg3+ 37. Kf3 Nf5 38. Bxa6 Rb4 39. Rxb4 Ne7 40. Bc4 Nf5 41. a6 Nd4+ 42. Ke4 Nc2 43. Rb7 Kg6 44. a7 h5 45. a8=Q h4 46. Qg8+ Kf6 47. Rxf7# 1-0

[Event "December 5 Late 2023"]
[Site "https://www.chess.com"]
[Date "2023.12.05"]
[Round "2"]
[White "Keller, Peter"]
[Black "Dzida, Kamil"]
[Result "1-0"]
[Board "168"]
[TimeControl "180+1"]
[WhiteFideId "1272105"]
[BlackFideId "21828652"]
[WhiteElo "2159"]
[BlackElo "2445"]
[WhiteTeam "GER"]
[BlackTeam "POL"]
[WhiteClock "0:00:19"]
[BlackClock "0:00:32"]

1. e4 e6 2. d4 b6 3. Bd3 Bb7 4. Qe2 c5 5. c3 Nf6 6. Nf3 d5 7. e5 Ne4 8. Nbd2 Nxd2 9. Bxd2 Be7 10. h4 a5 11. h5 Ba6 12. Bxa6 Nxa6 13. a3 Qd7 14. Rh3 c4 15. Rg3 g6 16. Rh3 O-O-O 17. b3 b5 18. a4 Kb7 19. axb5 Qxb5 20. bxc4 dxc4 21. Bg5 Rhe8 22. hxg6 hxg6 23. Rh7 Nc7 24. Rxf7 Bxg5 25. Nxg5 Kc8 26. Ne4 Nd5 27. Qa2 Rh8 28. Ke2 Rh4 29. f4 Nxf4+ 30. Kf3 Nd3 31. Qxa5 Ne1+ 32. Kg3 Qxa5 33. Rxa5 Rxe4 34. Ra8# 1-0

[Event "December 5 Late 2023"]
[Site "https://www.chess.com"]
[Date "2023.12.05"]
[Round "2"]
[White "Rama, Tejas"]
[Black "th3d4rkness"]
[Result "1-0"]
[Board "169"]
[TimeControl "180+1"]
[WhiteFideId "30907381"]
[WhiteElo "2445"]
[BlackElo "2152"]
[WhiteTeam "USA"]
[WhiteClock "0:00:28"]
[BlackClock "0:00:29"]

1. d4 Nf6 2. c4 g6 3. Nf3 d5 4. Nc3 Bg7 5. Qb3 c6 6. cxd5 cxd5 7. Bg5 e6 8. e3 O-O 9. Bd3 b6 10. O-O Ba6 11. Bxa6 Nxa6 12. Rfc1 Qd7 13. Ne5 Qb7 14. Nb5 Ne4 15. Bf4 f6 16. Nd3 g5 17. Bg3 Rac8 18. Qa3 Rxc1+ 19. Rxc1 Rc8 20. Rxc8+ Qxc8 21. Nxa7 Qc4 22. f3 Bf8 23. Qb3 Qxb3 24. axb3 Nxg3 25. hxg3 Nb4 26. Nxb4 Bxb4 27. Nc8 Bd2 28. Kf2 b5 29. b4 Bxb4 30. Na7 Kf7 31. Nxb5 Ke7 32. Ke2 Kd7 33. Kd3 Kc6 34. Nc3 e5 35. e4 exd4 36. Nxd5 Be1 37. Nxf6 Kc5 38. Nxh7 Bxg3 39. Nxg5 1-0

[Event "December 5 Late 2023"]
[Site "https://www.chess.com"]
[Date "2023.12.05"]
[Round "2"]
[White "Clarke, Adani"]
[Black "Filipovic, Slobodan J"]
[Result "0-1"]
[Board "170"]
[TimeControl "180+1"]
[WhiteFideId "7402082"]
[BlackFideId "939633"]
[WhiteElo "2151"]
[BlackElo "2444"]
[WhiteTeam "JAM"]
[BlackTeam "SRB"]
[WhiteClock "0:00:00"]
[BlackClock "0:00:54"]

1. d4 Nf6 2. c4 e6 3. Nc3 Bb4 4. f3 c5 5. d5 b5 6. e4 bxc4 7. Bxc4 d6 8. Ne2 O-O 9. O-O Ba6 10. Bxa6 Nxa6 11. Bg5 h6 12. Bh4 e5 13. Bf2 c4 14. Ng3 g6 15. Qd2 Kh7 16. Be3 Bc5 17. f4 Qb6 18. Bxc5 Qxc5+ 19. Kh1 Rae8 20. fxe5 Ng4 21. exd6 Qxd6 22. Qe2 h5 23. Rfe1 Nc5 24. Qxc4 h4 25. Nf1 Qb6 26. h3 Nf2+ 27. Kh2 Qd6+ 28. e5 Rxe5 29. Rxe5 Qxe5+ 30. Kg1 Ncd3 31. Qxh4+ Kg7 32. Qg3 Qf6 33. d6 Rd8 34. Nd5 Qxb2 35. Rd1 Qd4 36. Rd2 Qxd5 37. Qxf2 Qxd6 38. Qe3 Qb6 0-1

[Event "December 5 Late 2023"]
[Site "https://www.chess.com"]
[Date "2023.12.05"]
[Round "2"]
[White "Topalov, Aleksandar"]
[Black "Joubert, Dantelle"]
[Result "1-0"]
[Board "171"]
[TimeControl "180+1"]
[WhiteFideId "925659"]
[BlackFideId "14310813"]
[WhiteElo "2439"]
[BlackElo "2151"]
[WhiteTeam "SRB"]
[BlackTeam "RSA"]
[WhiteClock "0:00:25"]
[BlackClock "0:00:21"]

1. b3 d5 2. Bb2 Nf6 3. Nf3 c6 4. g3 Bf5 5. Bg2 e6 6. O-O h6 7. d3 Nbd7 8. Nbd2 Be7 9. e4 dxe4 10. dxe4 Bh7 11. Qe2 O-O 12. Rfd1 Qc7 13. a3 a5 14. e5 Nd5 15. Ne4 Nc5 16. Nd6 Rfd8 17. Rd2 f6 18. Rad1 fxe5 19. Nc4 e4 20. Nd4 e5 21. Nb5 cxb5 22. Rxd5 bxc4 23. Qxc4 Kh8 24. Bxe5 Qc6 25. Rxd8+ Rxd8 26. Rxd8+ Bxd8 27. Qf7 Bg8 28. Qxg7# 1-0

[Event "December 5 Late 2023"]
[Site "https://www.chess.com"]
[Date "2023.12.05"]
[Round "2"]
[White "Travadon, Loic"]
[Black "Gatterer, Florian"]
[Result "1/2-1/2"]
[Board "172"]
[TimeControl "180+1"]
[WhiteFideId "26092131"]
[BlackFideId "811688"]
[WhiteElo "2144"]
[BlackElo "2429"]
[WhiteTeam "FRA"]
[BlackTeam "ITA"]
[WhiteClock "0:01:18"]
[BlackClock "0:00:15"]

1. e4 c5 2. Nf3 e6 3. Nc3 Nc6 4. Bb5 Nd4 5. Nxd4 cxd4 6. Ne2 Nf6 7. Bd3 d5 8. Ng3 Be7 9. O-O O-O 10. f4 dxe4 11. Nxe4 Nxe4 12. Bxe4 g6 13. d3 Rb8 14. g4 Bd6 15. Qe2 f5 16. Bf3 Bd7 17. g5 Qc7 18. Qd2 Rfe8 19. Re1 Rbc8 20. Re2 Bc6 21. Bxc6 Qxc6 22. a3 Re7 23. b4 e5 24. Bb2 Rce8 25. Rae1 exf4 26. Rxe7 Rxe7 27. Rxe7 Bxe7 28. Qxf4 Qxc2 29. Qxd4 Qd1+ 30. Kg2 Qe2+ 31. Kg1 Qd1+ 32. Kg2 Qd2+ 33. Kh1 Qd1+ 1/2-1/2

[Event "December 5 Late 2023"]
[Site "https://www.chess.com"]
[Date "2023.12.05"]
[Round "2"]
[White "Nilsson, Joakim"]
[Black "Estevez Polanco, Leonardo Rafael"]
[Result "1-0"]
[Board "173"]
[TimeControl "180+1"]
[WhiteFideId "1723383"]
[BlackFideId "6402798"]
[WhiteElo "2429"]
[BlackElo "2142"]
[WhiteTeam "SWE"]
[BlackTeam "DOM"]
[WhiteClock "0:02:11"]
[BlackClock "0:00:17"]

1. d4 Nf6 2. Bg5 c5 3. Bxf6 gxf6 4. e3 Bg7 5. c3 O-O 6. Nd2 cxd4 7. exd4 e6 8. Bd3 f5 9. Ne2 b6 10. g4 fxg4 11. Rg1 f5 12. Nc4 Bb7 13. Qd2 Qh4 14. O-O-O Bh6 15. f4 Bf3 16. Ne5 Bxe2 17. Bxe2 Bg7 18. Bxg4 fxg4 19. Rxg4 Qf6 20. Rdg1 d6 21. Rxg7+ Qxg7 22. Rxg7+ Kxg7 23. Qg2+ Kh8 24. Qxa8 dxe5 25. dxe5 a5 26. Qb7 h6 27. h4 1-0

[Event "December 5 Late 2023"]
[Site "https://www.chess.com"]
[Date "2023.12.05"]
[Round "2"]
[White "Play, Gilles"]
[Black "Yushko, Olga"]
[Result "1-0"]
[Board "174"]
[TimeControl "180+1"]
[WhiteFideId "45130892"]
[BlackFideId "14114500"]
[WhiteElo "2419"]
[BlackElo "2125"]
[WhiteTeam "FRA"]
[BlackTeam "UKR"]
[WhiteClock "0:01:30"]
[BlackClock "0:02:06"]

1. e4 e6 2. d4 d5 3. Nc3 Nf6 4. e5 Nfd7 5. f4 c5 6. Nf3 Nc6 7. Be3 Qb6 8. Na4 Qa5+ 9. c3 cxd4 10. b4 Qc7 11. Nxd4 Nxd4 12. Bxd4 Be7 13. Bd3 O-O 14. h4 Nb6 15. Nxb6 axb6 16. Qh5 g6 17. Qg4 f6 18. Bxg6 f5 19. Bxh7+ Kxh7 20. Qh5+ Kg8 21. Qg6+ Kh8 22. Qh6+ Kg8 23. Rh3 Bf6 24. exf6 Qh7 25. Rg3+ Kh8 26. Qxf8+ 1-0

[Event "December 5 Late 2023"]
[Site "https://www.chess.com"]
[Date "2023.12.05"]
[Round "2"]
[White "Ewing, Gabriel"]
[Black "Della Morte, German"]
[Result "0-1"]
[Board "175"]
[TimeControl "180+1"]
[WhiteFideId "2061880"]
[BlackFideId "113522"]
[WhiteElo "2118"]
[BlackElo "2418"]
[WhiteTeam "USA"]
[BlackTeam "ARG"]
[WhiteClock "0:01:38"]
[BlackClock "0:02:47"]

1. d4 c6 2. c4 d5 3. Nc3 Nf6 4. Nf3 e6 5. Qd3 Be7 6. e4 dxe4 7. Nxe4 Nbd7 8. Nc3 b6 9. Bf4 Bb7 10. Be2 c5 11. O-O cxd4 12. Qxd4 O-O 13. Rfd1 Bc5 14. Qd2 Qc8 15. Ne5 Rd8 16. Qc2 Nxe5 17. Bxe5 Bxf2+ 18. Kxf2 Qc5+ 19. Bd4 Rxd4 20. Rxd4 Qxd4+ 0-1